Map: Triton LE

Players

Couguar

  • Race: Protoss Protoss
  • League: Grandmaster
  • Spawn Location: 5:00

Blackwidow - Winner!

  • Race: Zerg Zerg
  • League: Master
  • Spawn Location: 11:00

VOD

Have the link to the VOD?

Description

Time

  • Played on: Aug. 28, 2019, 2:35 p.m.
  • Length: 5:53
Show
View Real Time Build Order
Export as new Build Order

Couguar Protoss 

Build Orders: Nexus First 

Get SALT Encoding   

  12  0:01  Probe  
  13  0:13  Probe  
  14  0:21  Pylon  
  14  0:25  Probe  
  15  0:35  Probe  
  16  0:43  Probe  
  17  0:53  Probe  
  18  1:03  Nexus  
  18  1:09  Nexus  
  18  1:12  Probe  
  19  1:21  Gateway  
  19  1:24  Probe  
  20  1:29  Assimilator  
  20  1:33  Probe, Assimilator  
  21  1:53  Gateway  
  21  1:54  Probe  
  22  2:02  Probe  
  23  2:09  Cybernetics Core  
  23  2:18  Probe, Pylon  
  23  2:20  Probe  
  24  2:28  Probe  
  25  2:30  Probe  
  27  2:38  Probe  
  27  2:42  Probe  
  29  2:46  Sentry x2  
  29  2:48  Warp Gate  
  29  2:50  Probe  
  34  2:54  Probe  
  35  3:02  Probe  
  35  3:05  Robotics Facility  
  36  3:06  Probe  
  36  3:10  Probe  
  36  3:12  Forge  
  37  3:18  Probe x2, Pylon  
  39  3:26  Probe  
  39  3:27  Assimilator  
  40  3:28  Probe, Assimilator  
  40  3:29  Sentry  
  44  3:34  Probe  
  44  3:40  Probe  
  46  3:44  Probe  
  47  3:52  Probe  
  47  3:55  Warp Prism  
  48  3:57  Sentry, Probe  
  48  4:02  Pylon  
  53  4:03  Pylon  
  54  4:13  Twilight Council  
  54  4:16  Probe  
  54  4:20  Probe  
  55  4:24  Observer  
  55  4:27  Gateway  
  55  4:28  Gateway  
  56  4:32  Probe  
  56  4:36  Sentry  
  56  4:38  Gateway  
  59  4:43  Immortal  
  63  4:57  Gateway  
  63  4:59  Gateway  
  63  5:05  Zealot x2  
  62  5:12  Shield Battery  
  59  5:14  Probe  
  59  5:18  Probe  
  52  5:26  Sentry  
  52  5:27  Sentry x2  
  54  5:34  Zealot  
Show
View Real Time Build Order
Export as new Build Order

Blackwidow Zerg - Winner!

Build Orders: Hatch First 

Get SALT Encoding   

  12  0:01  Drone  
  13  0:12  Overlord  
  13  0:17  Drone  
  14  0:31  Drone x2  
  14  0:35  Drone  
  17  0:53  Hatchery  
  17  0:56  Drone  
  17  0:59  Drone  
  18  1:12  Extractor  
  18  1:14  Spawning Pool  
  18  1:16  Drone  
  17  1:20  Drone  
  18  1:32  Drone  
  19  1:48  Overlord  
  19  2:02  Zergling x4  
  19  2:04  Queen  
  19  2:05  Queen  
  19  2:06  Drone  
  26  2:11  Drone  
  26  2:14  Metabolic Boost  
  27  2:17  Drone  
  28  2:30  Zergling x4  
  28  2:36  Hatchery  
  29  2:45  Zergling x6  
  32  2:52  Zergling x2  
  33  3:07  Overlord  
  33  3:08  Zergling x4  
  35  3:16  Lair  
  35  3:19  Overlord  
  35  3:21  Overlord  
  35  3:38  Pneumatized Carapace, Overlord  
  35  3:47  Zergling x6  
  35  3:48  Zergling x8  
  42  4:08  Zergling x2  
  42  4:09  Zergling x12  
  49  4:11  Zergling x2  
  50  4:36  Zergling x16  
  57  5:09  Zergling x2  
  57  5:10  Zergling x16  
  61  5:22  Zergling x10  
Tags
 
Add a new tag
Caveats
  • Supply blocks, unpowered buildings, or Contaminate may cause inaccurate times.
  • Supply counts are checked every 10 seconds.